 Dungeon Crawl Stone Soup version 0.28.0-53-g5a82cb258f (webtiles) character file.

Game seed: 11513763951441215010

326 DocClef the Skirmisher (level 6, -5/53 HPs)
             Began as a Draconian Fighter on June 15, 2022.
             Was an Initiate of Hepliaklqana.
             Slain by Duvessa
             ... wielding a +0 short sword
              (14 damage)
             ... on level 4 of the Dungeon.
             The game lasted 00:03:52 (3228 turns).

DocClef the Skirmisher (Draconian Fighter)          Turns: 3228, Time: 00:03:53

Health: -5/53      AC:  7    Str: 18    XL:     6   Next: 24%
Magic:  6/6        EV: 12    Int:  9    God:    Hepliaklqana [......]
Gold:   216        SH:  4    Dex: 12    Spells: 5/5 levels left

rFire   . . .      SeeInvis .   n - +6 spear "Nane" {vorpal, rElec}
rCold   . . .      Faith    .   b - +0 buckler
rNeg    . . .      Spirit   .   (armour unavailable)
rPois   .          Reflect  .   (helmet restricted)
rElec   +          Harm     .   (no cloak)
rCorr   .          Rampage  .   m - +0 pair of gloves
Will    .....                   (no boots)
Stlth   +.........              (no amulet)
HPRegen 0.17/turn               (no ring)
MPRegen 0.10/turn               (no ring)

@: mighty, brilliant, attractive, flying, hasted, very quick
A: AC +6, unfitting armour, cold-blooded
a: Renounce Religion


You were on level 4 of the Dungeon.
You worshipped Hepliaklqana.
Hepliaklqana was noncommittal.
You visited 1 branch of the dungeon, and saw 4 of its levels.

You collected 216 gold pieces.

Inventory:

Hand Weapons
 a - a +0 rapier
 n - the +6 spear "Nane" (weapon) {vorpal, rElec}
   (You found it on level 3 of the Dungeon)

   It inflicts extra damage upon your enemies.
   rElec:     It insulates you from electricity.
Missiles
 l - a throwing net (quivered)
Armour
 b - a +0 buckler (worn)
 m - a +0 pair of gloves (worn)
Scrolls
 d - 3 scrolls of identify {unknown}
 f - 3 scrolls of summoning {unknown}
 g - a scroll of immolation {unknown}
 h - a scroll of vulnerability {unknown}
 o - 2 scrolls of fog {unknown}
 r - a scroll of torment {unknown}
 t - a scroll of teleportation {unknown}
 u - a scroll of blinking {unknown}
Potions
 e - 3 potions of flight
 k - a potion of attraction
 q - a potion of heal wounds {unknown}
 s - a potion of magic {unknown}


   Skills:
 + Level 4.4 Fighting
 - Level 3.0 Short Blades
 * Level 3.4 Polearms
 + Level 4.1 Dodging
 - Level 0.6 Stealth
 - Level 3.1 Shields


You had 5 spell levels left.
You didn't know any spells.
Your spell library contained the following spells:

 Spells                   Type           Power      Damage    Failure   Level
 Ozocubu's Armour         Ice            0%         N/A       85%         3
 Conjure Ball Lightning   Conj/Air       0%         3x3d6     100%        6
 Ozocubu's Refrigeration  Ice            0%         4d5       100%        7
 Discord                  Hex            0%         N/A       100%        8
 Disjunction              Tloc           0%         N/A       100%        8


Dungeon Overview and Level Annotations

Branches:
Dungeon (4/15)             Temple (0/1) D:4

Altars:
Hepliaklqana
Nemelex Xobeh
Ru

Annotations:
D:4 2 runed translucent doors, Duvessa


Innate Abilities, Weirdness & Mutations

Your plain brown scales are hard. (AC +6)
You cannot fit into any form of body armour.
You are cold-blooded and may be slowed by cold attacks.


Message History

Duvessa hits you with a +0 short sword!
Reach: n) +6 spear "Nane" {vorpal, rElec}
Press: ? - help, Dir - move target, f/p - Duvessa
Aim: Duvessa, wielding a +0 short sword and wearing a +0 scale mail (lightly wounded, berserk, about 25% to evade the +6 spear "Nane")
Okay, then.
You aren't carrying any items that you can evoke.
Okay, then.
You feel very mighty all of a sudden. Duvessa hits you with a +0 short sword.
Duvessa misses you.
You hit Duvessa.
Duvessa is moderately wounded.
Duvessa misses you.
You hit Duvessa but do no damage.
Duvessa is moderately wounded.
Duvessa hits you with a +0 short sword. Duvessa hits you with a +0 short sword!
You hit Duvessa.
Duvessa is moderately wounded.
Duvessa hits you with a +0 short sword!
* * * LOW HITPOINT WARNING * * *
You hit Duvessa.
Duvessa is heavily wounded.
Duvessa barely misses you.
It was a potion of flight.
You feel very buoyant.
You fly up into the air.
Duvessa hits you but does no damage. You block Duvessa's attack.
It was a potion of brilliance.
You feel clever all of a sudden. Duvessa barely misses you.
It was a potion of curing.
You feel better. Duvessa hits you with a +0 short sword.
* * * LOW HITPOINT WARNING * * *
You block Duvessa's attack.
It was a potion of attraction.
You feel attractive to monsters. Duvessa hits you with a +0 short sword.
* * * LOW HITPOINT WARNING * * *
It was a potion of haste.
You feel yourself speed up. Duvessa hits you with a +0 short sword!
You die...

#...####..[......##.##..#..#.# #.
.............................###.
......#######....#.###..#........
##..###PPP###..............#####.
##.##P...P#............#..#####.
#.##P.>.P# #.#...............
#.##P...P#####.########.#####..
#..##P.P##.?.e.# #.# ### ###
##'### #@# #.# #.#.# #.# ####.#
#...# #.#####....# ###.#
#..........# #.###########..###
#..............# #...######..)..#
#..## #.....# #..# #8'8..#


You could see Duvessa (berserk).

Vanquished Creatures
  A black bear (D:4)
  Dowan (D:4)
  A jelly (D:4)
  An orc priest (D:3)
  A hound (D:2)
  An iguana (D:3)
  2 adders
  2 orcs (D:3)
  3 bats (D:2)
  2 endoplasms (D:2)
  6 giant cockroaches
  A hobgoblin (D:1)
  2 quokkas (D:1)
  9 ball pythons
  3 frilled lizards
  7 goblins
  9 kobolds
  5 rats
57 creatures vanquished.

Vanquished Creatures (others)
  3 plants (D:1)
3 creatures vanquished.

Grand Total: 60 creatures vanquished

Notes
Turn   | Place    | Note
-------+----------+-------------------------------------------
     0 | D:1      | DocClef the Draconian Fighter began the quest for the Orb.
     0 | D:1      | Reached XP level 1. HP: 19/19 MP: 1/1
   232 | D:1      | Reached XP level 2. HP: 26/26 MP: 2/2
  1180 | D:2      | Reached XP level 3. HP: 27/33 MP: 3/3
  1606 | D:2      | Reached XP level 4. HP: 31/40 MP: 4/4
  2028 | D:3      | Identified the +6 spear "Nane" {vorpal, rElec}
  2292 | D:3      | Reached skill level 1 in Polearms
  2297 | D:3      | Reached XP level 5. HP: 20/46 MP: 5/5
  2768 | D:4      | Found a sparkling altar of Nemelex Xobeh.
  2768 | D:4      | Found a hazy altar of Hepliaklqana.
  2769 | D:4      | Found a sacrificial altar of Ru.
  2778 | D:4      | Became a worshipper of Hepliaklqana the Forgotten
  2841 | D:4      | Noticed a black bear
  2848 | D:4      | Killed a black bear
  2849 | D:4      | Reached XP level 6. HP: 50/53 MP: 6/6
  3054 | D:4      | Found a large runed translucent door.
  3055 | D:4      | Found a large runed translucent door.
  3180 | D:4      | Found a staircase to the Ecumenical Temple.
  3206 | D:4      | Noticed Dowan
  3214 | D:4      | Killed Dowan
  3215 | D:4      | Noticed Duvessa
  3228 | D:4      | Slain by Duvessa

Illustrated notes

Levels and vault maps discovered:
D:1:      amcnicky_arrival_underground_garden, layout_rooms, serial_forest,
          infiniplex_forest_straight_4, infiniplex_forest_lined_room_,
          infiniplex_forest_lined_room_2, infiniplex_forest_pool,
          infiniplex_forest_lined_2, minmay_misc_feat_plants, amethyst_killhole,
          nrook_campfire
D:2:      layout_basic, glass_columns_a
D:3:      layout_loops_ring, minmay_misc_feat_nine_boxes, minmay_checkerbox
D:4:      layout_loops_ring, jmf_multi_god_temple2,
          chequers_temple_overflow_statue_of_worship,
          minmay_temple_entry_enclosed_plants, uniq_duvessa

Skill      XL: |  1  2  3  4  5 |
---------------+----------------+-----
Dodging        | 3 4 |  4.1
Short Blades   | 3 |  3.0
Fighting       | 4 |  4.4
Polearms       | 1 3 |  3.4
Stealth        | |  0.6
Shields        | |  3.1

Action                   |  1- 3 |  4- 6 || total
-------------------------+-------+-------++-------
Melee: Rapier            |    91 |    24 ||   115
       Tailslap          |     4 |     5 ||     9
       Spear             |       |    55 ||    55
  Use: Potion            |       |     6 ||     6
 Stab: Sleeping          |       |     4 ||     4
Armor: Skin              |    22 |    20 ||    42
Dodge: Dodged            |    56 |    38 ||    94
Block: Buckler           |    22 |     7 ||    29
